 Dungeon Crawl Stone Soup version 0.19.0-2-gae57169 (webtiles) character file.

276 Jerry the Sneak (level 6, -3/41 HPs)
             Began as a Vampire Enchanter on Nov 2, 2016.
             Slain by an orc priest
             ... wielding a +0 mace
              (6 damage)
             ... on level 4 of the Dungeon.
             The game lasted 00:17:58 (3496 turns).

Jerry the Sneak (Vampire Enchanter)                 Turns: 3496, Time: 00:17:58

Health: -3/41      AC:  5    Str:  8      XL:     6   Next: 4%
Magic:  4/9        EV: 13    Int: 17      God:
Gold:   130        SH:  0    Dex: 17 (18) Spells: 3 memorised, 3 levels left

rFire  . . .     SeeInvis +     a - +1 dagger
rCold  . . .     Gourm    .     b - +1 robe
rNeg   . . .     Faith    .     (no shield)
rPois  .         Spirit   .     (no helmet)
rElec  .         Reflect  .     (no cloak)
rCorr  .         Harm     .     h - +0 pair of gloves
MR     .....                    d - +0 pair of boots
Stlth  +++++.....               (no amulet)
                                (no ring)
                                o - ring of stealth

@: regenerating quickly
A: fangs 3, thin skeletal structure 1, see invisible, deterioration 1,
unbreathing
a: no special abilities


You were on level 4 of the Dungeon.
You were full.

You visited 1 branch of the dungeon, and saw 4 of its levels.

You collected 130 gold pieces.

Inventory:

Hand Weapons
 a - a +1 dagger (weapon)
Armour
 b - a +1 robe (worn)
 d - a +0 pair of boots (worn)
 e - a +0 buckler
 h - a +0 pair of gloves (worn)
 q - a +2 ring mail of magic resistance
Jewellery
 o - a ring of stealth (left hand)
Scrolls
 f - a scroll of noise {unknown}
 g - a scroll of amnesia {unknown}
 i - 6 scrolls of identify {unknown}
 l - a scroll of remove curse {unknown}
 n - a scroll of teleportation {unknown}
 s - a scroll of enchant armour {unknown}
Potions
 j - a potion of resistance
 k - a potion of lignification {unknown}
 m - a potion of invisibility {unknown}
 p - a potion of curing {unknown}
 r - a potion of cancellation {unknown}
 t - a potion of ambrosia {unknown}
 u - a potion of flight {unknown}
 v - a potion of magic {unknown}
Books
 c - a book of Maledictions

   Spells                             Type                      Level
   a - Corona                         Hexes                        1
   b - Ensorcelled Hibernation        Hexes/Ice                    2
   c - Confuse                        Hexes                        3
   d - Tukima's Dance                 Hexes                        3
   e - Dazzling Spray                 Conjuration/Hexes            3


   Skills:
 + Level 3.9 Short Blades
 - Level 2.1 Dodging
 + Level 7.0 Stealth
 - Level 2.0 Spellcasting
 + Level 6.6 Hexes


You had 3 spell levels left.
You knew the following spells:

 Your Spells              Type           Power        Failure   Level  Hunger
a - Corona                Hex            ###....      1%          1    #......
b - Confuse               Hex            ###.....     4%          3    ###....
c - Ensorcelled Hibernat  Hex/Ice        ##....       10%         2    ###....


Dungeon Overview and Level Annotations

Branches:
Dungeon (4/15)
 Temple: D:4-7

Altars:
Hepliaklqana
Sif Muna
Vehumet


Innate Abilities, Weirdness & Mutations

Your natural rate of healing is unusually fast.
You have razor-sharp teeth.
You have supernaturally acute eyesight. (SInv)
You can survive without breathing.
You have a somewhat thin skeletal structure. (Dex +2, Stealth)
Your body sometimes deteriorates upon taking damage.


Message History

Press: ? - help, Shift-Dir - straight line, f/p - orc priest
Aim: an orc priest, wielding a trident (lightly wounded, chance to defeat MR: 53%)
The orc priest appears confused.
The orc priest barely misses you. The orc priest hits you with a trident.
You barely miss the orc priest.
The orc priest is lightly wounded.
The orc priest misses you. The orc priest completely misses you.
You hit the orc priest but do no damage.
The orc priest is lightly wounded.
You hit the orc priest.
The orc priest is moderately wounded.
The orc priest invokes the aid of Beogh against you.
Beogh smites you!
* * * LOW HITPOINT WARNING * * *
You are too injured to fight recklessly!
You are too injured to fight recklessly!
You hit the orc priest.
The orc priest is moderately wounded.
The orc priest hits you with a mace.
You die...

####....#.# .
..........# ..
####....#########...
#................
#.#..####!.......
#.#..# #.......#
#.#..####)......#
#.>o..........#
##...@#.......#
#..oo#####.###
#....# +# #....#
#"...# #...?# #....#
#....#


You could see 2 orc priests and an orc.

Vanquished Creatures
  A howler monkey (D:3)
  Jessica (D:2)
  Natasha (thrice) (D:2)
  Terence (D:2)
  2 adders
  An ooze (D:3)
  2 worms
  5 dart slugs
  2 leopard geckos
  An orc (D:4)
  6 bats
  5 giant cockroaches
  13 hobgoblins
  3 jackals (D:3)
  A quokka (D:2)
  2 frilled lizards
  10 goblins
  4 kobolds
  7 rats
70 creatures vanquished.

Notes
Turn   | Place    | Note
-------+----------+-------------------------------------------
     0 | D:1      | Jerry the Vampire Enchanter began the quest for the Orb.
     0 | D:1      | Reached XP level 1. HP: 13/13 MP: 3/3
   338 | D:1      | Reached XP level 2. HP: 18/19 MP: 1/5
   658 | D:1      | Reached skill level 5 in Stealth
   691 | D:1      | Gained mutation: Your body sometimes deteriorates upon taking damage. [potion of mutation]
   691 | D:1      | Gained mutation: You have a somewhat thin skeletal structure. (Dex +2, Stealth) [potion of mutation]
  1311 | D:1      | Reached skill level 5 in Hexes
  1311 | D:1      | Reached XP level 3. HP: 24/24 MP: 6/6
  1523 | D:1      | Learned a level 3 spell: Confuse
  1526 | D:1      | Learned a level 2 spell: Ensorcelled Hibernation
  1590 | D:2      | Noticed Natasha
  1611 | D:2      | Killed Natasha
  1611 | D:2      | Reached XP level 4. HP: 22/30 MP: 2/7
  2113 | D:2      | Noticed Jessica
  2118 | D:2      | Killed Jessica
  2118 | D:2      | Reached skill level 6 in Stealth
  2192 | D:2      | Noticed Terence
  2212 | D:2      | Noticed Natasha
  2218 | D:2      | Killed Terence
  2218 | D:2      | Reached XP level 5. HP: 32/35 MP: 0/8
  2230 | D:2      | Killed Natasha
  2394 | D:2      | Noticed Natasha
  2400 | D:2      | Killed Natasha
  2545 | D:3      | Found a radiant altar of Vehumet.
  2697 | D:3      | Found a hazy altar of Hepliaklqana.
  2805 | D:3      | Reached skill level 7 in Stealth
  2808 | D:3      | Reached XP level 6. HP: 41/41 MP: 9/9
  3185 | D:3      | Found a deep blue altar of Sif Muna.
  3495 | D:4      | HP: 2/41 [orc priest/divine providence (15)]
  3496 | D:4      | Slain by an orc priest

Skill      XL: |  1  2  3  4  5 |
---------------+----------------+-----
Stealth        | 5 6 7 |  7.0
Short Blades   | 2 3 |  3.9
Hexes          | 5 6 |  6.6
Dodging        | |  2.1
Spellcasting   | |  2.0

Action                   |  1- 3 |  4- 6 || total
-------------------------+-------+-------++-------
Melee: Dagger            |   104 |   122 ||   226
       Bite              |     8 |     7 ||    15
 Cast: Corona            |     7 |       ||     7
       Confuse           |     1 |     2 ||     3
       Ensorcelled Hiber |       |    16 ||    16
  Use: Potion            |     5 |       ||     5
 Stab: Sleeping          |     6 |    24 ||    30
       Confused          |     1 |     1 ||     2
  Eat: Corpse            |     3 |    13 ||    16
Armor: Robe              |    28 |    19 ||    47
Dodge: Dodged            |    59 |    70 ||   129
